 Dungeon Crawl Stone Soup version 0.27-a0-1036-g8e1b44f6bd (webtiles) character file.

Game seed: 10340675318689188666

72 siradein the Slasher (level 4, -15/35 HPs)
             Began as a Demonspawn Fighter on Apr 18, 2021.
             Killed by divine providence
             ... invoked by an orc priest
              (17 damage)
             ... on level 4 of the Dungeon.
             The game lasted 00:02:52 (997 turns).

siradein the Slasher (Demonspawn Fighter)            Turns: 997, Time: 00:02:53

Health: -15/35     AC:  6    Str: 17    XL:     4   Next: 6%
Magic:  4/4        EV:  6    Int:  9    God:
Gold:   29         SH: 12    Dex: 13    Spells: 3/3 levels left

rFire    . . .     SeeInvis .   a - +0 long sword
rCold    . . .     Faith    .   c - +0 kite shield
rNeg     . . .     Spirit   .   b - +0 scale mail
rPois    .         Reflect  .   (no helmet)
rElec    .         Harm     .   (no cloak)
rCorr    .         Rampage  .   (no gloves)
Will     .....                  (no boots)
Stlth    ..........             (no amulet)
HPRegen  0.11/turn              (no ring)
MPRegen  0.09/turn              (no ring)

@: no status effects
A: large bone plates 1, powered by death 1, demonic magic 1
a: no special abilities


You were on level 4 of the Dungeon.
You visited 1 branch of the dungeon, and saw 3 of its levels.

You collected 29 gold pieces.

Inventory:

Hand Weapons
 a - a +0 long sword (weapon)
Armour
 b - a +0 scale mail (worn)
 c - a +0 kite shield (worn)
Scrolls
 e - 3 scrolls of identify
 f - a scroll of blinking
Potions
 d - a potion of might


   Skills:
 - Level 3.0 Fighting
 + Level 4.0 Long Blades
 - Level 2.6 Armour
 - Level 2.6 Shields


You had 3 spell levels left.
You didn't know any spells.
Your spell library contained the following spells:

 Spells                   Type           Power      Damage    Failure   Level
 Corona                   Hex            0%         N/A       100%        1
 Ensorcelled Hibernation  Hex/Ice        0%         N/A       100%        2
 Confusing Touch          Hex            0%         N/A       100%        3
 Dazzling Flash           Conj/Hex       0%         N/A       100%        3
 Tukima's Dance           Hex            0%         N/A       100%        3


Dungeon Overview and Level Annotations

Branches:
Dungeon (2/15)

Altars:

Shops:
D:1 [

Annotations:
D:4 Pikel


Innate Abilities, Weirdness & Mutations

You are partially covered in large bone plates. (SH +4)
You regenerate a little health from kills.
Spells you cast may paralyse adjacent enemies.


Message History

Deactivating autopickup; reactivate with Ctrl-A.
An orc comes into view.
It is wielding a +1 whip of electrocution.
Found a chain mail.
An orc priest comes into view. It is wielding a +0 falchion.
An orc wizard comes into view. It is wielding a +0 dagger.
The orc barely misses you.
The orc wizard points at you and mumbles some strange words.
The magic dart hits you! You block the orc's attack.
The orc wizard casts a spell at itself.
The orc wizard flickers and vanishes!
You block the orc's attack.
You hit the orc priest.
The orc priest is moderately wounded.
The orc closely misses you.
The orc priest hits you but does no damage.
The orc barely misses you.
You hear some strange, mumbled words.
Something tries to affect you, but you resist.
The orc hits you with a +1 whip of electrocution.
You are electrocuted!
The orc priest hits you with a +0 falchion.
* * * LOW HITPOINT WARNING * * *
The orc priest casts a cantrip, but nothing happens.
The orc priest calls down the wrath of Beogh upon you.
You barely resist.
You hear some strange, mumbled words.
You are confused.
The orc priest miscasts a cantrip.
You feel less confused.
The orc priest calls down the wrath of Beogh upon you.
Beogh smites you!
* * * LOW HITPOINT WARNING * * *
A magic dart appears from out of thin air!
The magic dart hits you but does no damage.
Found 10 arrows.
Something tries to affect you, but you resist.
A worm comes into view.
Found 11 gold pieces.
The orc priest calls down the wrath of Beogh upon you.
Beogh smites you!
You die...

......##5#...#.....#
....w..#.o.........#
..(........#......#
..#.......o##.....##
............#......###
.........$...........
#...........5........
..##.................
...........##@......#
..........##....####
.........####....#
..##.#.## #...# ...##
.### .. ##


You could see a lemure, an orc priest and an orc.

Vanquished Creatures
  An iguana (D:2)
  A dart slug (D:2)
  5 bats (D:1)
  4 endoplasms (D:1)
  4 goblins
  4 hobgoblins
  4 jackals (D:1)
  6 kobolds (D:1)
  2 quokkas (D:1)
  A ball python (D:1)
  8 rats
40 creatures vanquished.

Notes
Turn   | Place    | Note
-------+----------+-------------------------------------------
     0 | D:1      | siradein the Demonspawn Fighter began the quest for the
                  | Orb.
     0 | D:1      | Reached XP level 1. HP: 18/18 MP: 1/1
    71 | D:1      | Reached skill level 2 in Long Blades
   101 | D:1      | Gained mutation: You regenerate a little health from kills.
                  | [demonic ancestry]
   101 | D:1      | Reached XP level 2. HP: 10/24 MP: 2/2
   247 | D:1      | Found Haull's Antique Armour Shop.
   260 | D:1      | Reached skill level 3 in Long Blades
   436 | D:1      | Gained mutation: Spells you cast may paralyse adjacent
                  | enemies. [demonic ancestry]
   436 | D:1      | Reached XP level 3. HP: 17/29 MP: 3/3
   554 | D:1      | Found a faded altar of an unknown god.
   811 | D:2      | Gained mutation: You are partially covered in large bone
                  | plates. (SH +4) [demonic ancestry]
   811 | D:2      | Reached XP level 4. HP: 34/35 MP: 4/4
   868 | D:2      | Reached skill level 4 in Long Blades
   945 | D:2      | You fall into a shaft and drop 2 floors!
   951 | D:4      | Noticed a lemure
   951 | D:4      | Noticed a lemure
   951 | D:4      | Noticed a lemure
   954 | D:4      | Noticed a lemure
   955 | D:4      | Noticed Pikel
   984 | D:4      | HP: 1/35 [orc priest/divine providence (10)]
   997 | D:4      | Killed from afar by an orc priest

Illustrated notes

Levels and vault maps discovered:
D:1:      lemuel_arrival_lava_pool, layout_rooms,
          hellmonk_ecumenical_altar_prayer_group, serial_shops,
          nicolae_shop_crystal
D:2:      layout_basic, basic_altar
D:4:      layout_cave_pools, gammafunk_temple_overflow_elements, uniq_pikel

Skill      XL: |  1  2  3  4 |
---------------+-------------+-----
Long Blades    | 2 3 4 |  4.0
Fighting       | |  3.0
Armour         | |  2.6
Shields        | |  2.6

Action                   |  1- 3 |  4- 6 || total
-------------------------+-------+-------++-------
Melee: Long sword        |   108 |     9 ||   117
  Use: Scroll            |     1 |       ||     1
Armor: Scale mail        |    81 |     4 ||    85
Dodge: Dodged            |    45 |     4 ||    49
Block: Kite shield       |    79 |     5 ||    84
       Rpst.: Long sword |    18 |     1 ||    19

Table legend: (Time is in decaauts)
 A = Elapsed time spent in this place.
 B = Non-inter-level travel time spent in this place.
 C = Inter-level travel time spent in this place.
 D = Time resting spent in this place.
 E = Time spent auto-exploring this place.
 F = Levels seen in this place.
 G = Mean time per level.
                   A        B        C        D        E       F      G
               +--------+--------+--------+--------+--------+-----+--------+
         Total |   1054 |   1044 |     10 |      0 |    718 |   3 |  351.3 |
       Dungeon |   1054 |   1044 |     10 |      0 |    718 |   3 |  351.3 |
               +--------+--------+--------+--------+--------+-----+--------+

Top non-repeatable levels by time:
     D:1: 755 daAuts
     D:2: 247 daAuts
     D:4: 52 daAuts
